Map: Ephemeron LE

Players

AqueroN - Winner!

  • Race: Terran Terran
  • League: Grandmaster
  • Spawn Location: 11:00

Kritus

  • Race: Protoss Protoss
  • League: Master
  • Spawn Location: 5:00

VOD

Have the link to the VOD?

Description

Time

  • Played on: Feb. 11, 2020, 2:21 p.m.
  • Length: 6:39
Show
View Real Time Build Order
Export as new Build Order

AqueroN Terran - Winner!

Build Orders: Reaper Expand 

Get SALT Encoding   

  12  0:00  SCV  
  13  0:12  SCV  
  14  0:17  Supply Depot  
  14  0:24  SCV  
  15  0:39  SCV  
  15  0:40  Barracks  
  16  0:44  Refinery  
  16  0:51  SCV  
  17  1:03  SCV  
  18  1:15  SCV  
  19  1:27  Orbital Command, Reaper  
  20  1:46  Command Center  
  20  1:52  Supply Depot  
  20  1:54  SCV  
  20  1:59  Marine  
  22  2:06  SCV  
  23  2:10  Factory  
  23  2:18  SCV  
  23  2:19  Refinery  
  23  2:21  Barracks Reactor  
  24  2:30  SCV  
  25  2:42  SCV  
  26  2:54  SCV  
  26  2:56  Starport  
  26  2:57  Marine x2  
  29  2:58  Orbital Command  
  29  3:02  Widow Mine  
  31  3:07  SCV  
  32  3:15  Marine x2  
  32  3:18  Supply Depot  
  32  3:19  SCV  
  35  3:23  Widow Mine  
  37  3:29  SCV  
  37  3:33  Marine x2  
  40  3:36  Medivac  
  40  3:40  SCV  
  42  3:41  SCV  
  42  3:44  Widow Mine  
  45  3:50  Barracks x2  
  45  3:53  SCV  
  47  3:55  SCV  
  47  3:56  Marine x2  
  47  4:00  Supply Depot  
  49  4:05  SCV  
  49  4:07  Factory Tech Lab, SCV, Starport Tech Lab  
  51  4:15  Marine x2  
  54  4:17  SCV  
  54  4:19  Engineering Bay  
  54  4:22  Supply Depot, SCV  
  55  4:31  Supply Depot, SCV  
  56  4:34  SCV  
  56  4:36  Factory Reactor, Refinery, Starport Reactor  
  57  4:41  Marine x2  
  57  4:43  Stimpack  
  57  4:44  Combat Shield  
  59  4:47  Marine x2  
  61  4:55  SCV x2  
  63  5:02  Marine x2  
  63  5:06  Marauder  
  67  5:07  SCV x2  
  67  5:09  Marauder  
  67  5:13  Supply Depot  
  71  5:19  Marine, SCV  
  71  5:20  Marine  
  71  5:21  Medivac  
  77  5:23  Medivac  
  78  5:28  Supply Depot  
  78  5:34  SCV x2  
  78  5:35  Marauder x2  
  84  5:36  Supply Depot  
  84  5:43  Marine x2  
  84  5:49  SCV x2  
  86  5:50  Widow Mine x2  
  86  5:51  Supply Depot  
  86  5:53  Medivac  
  86  5:56  Marauder  
  92  5:57  Marauder  
  92  6:01  SCV x2  
  94  6:05  Supply Depot  
  94  6:11  Command Center  
  94  6:14  Marine x2  
  94  6:18  SCV x2  
  98  6:19  Refinery  
Show
View Real Time Build Order
Export as new Build Order

Kritus Protoss 

Build Orders: 1 Gate Expand 

Get SALT Encoding   

  12  0:00  Probe  
  13  0:13  Probe  
  14  0:18  Pylon  
  14  0:25  Probe (Chrono Boost)  
  15  0:37  Gateway  
  16  0:43  Probe (Chrono Boost)  
  16  0:48  Probe (Chrono Boost), Assimilator  
  17  0:58  Probe  
  18  1:10  Probe  
  19  1:22  Probe  
  19  1:24  Nexus  
  20  1:34  Cybernetics Core  
  20  1:36  Probe  
  21  1:43  Assimilator  
  21  1:53  Pylon  
  21  1:54  Probe  
  22  2:06  Probe  
  23  2:08  Stalker (Chrono Boost)  
  23  2:11  Warp Gate  
  25  2:18  Probe  
  26  2:31  Probe (Chrono Boost)  
  26  2:32  Robotics Facility  
  25  2:40  Probe (Chrono Boost)  
  25  2:43  Probe (Chrono Boost)  
  27  2:48  Stalker  
  27  2:51  Probe (Chrono Boost)  
  30  2:52  Probe (Chrono Boost)  
  30  2:56  Probe (Chrono Boost)  
  30  2:57  Probe  
  32  3:07  Probe  
  32  3:09  Probe  
  32  3:12  Gateway  
  34  3:16  Gateway  
  34  3:19  Probe  
  35  3:20  Observer (Chrono Boost)  
  35  3:23  Probe  
  35  3:31  Probe  
  35  3:33  Observer (Chrono Boost)  
  35  3:35  Probe  
  35  3:39  Observer  
  37  3:43  Probe  
  37  3:47  Probe  
  37  3:48  Assimilator  
  39  3:50  Assimilator  
  39  3:55  Observer, Probe  
  41  3:59  Probe  
  42  4:05  Pylon  
  42  4:07  Probe  
  43  4:11  Probe  
  43  4:13  Stalker  
  46  4:23  Probe x2  
  48  4:29  Stalker  
  48  4:30  Stalker  
  52  4:35  Probe  
  52  4:36  Probe  
  54  4:43  Nexus  
  54  4:45  Pylon  
  54  4:52  Pylon  
  54  4:55  Pylon  
  54  4:57  Probe x2  
  54  4:59  Observer  
  47  5:09  Probe x2  
  49  5:21  Probe x2  
  51  5:25  Robotics Bay  
  51  5:27  Twilight Council  
  51  5:31  Forge  
  51  5:33  Probe x2  
  53  5:45  Probe x2  
  51  5:57  Probe x2  
  52  5:58  Probe  
  54  6:09  Probe x2  
  54  6:10  Probe  
  57  6:13  Shield Battery  
  63  6:21  Probe x2  
  63  6:22  Probe  
Tags
 
Add a new tag
Caveats
  • Supply blocks, unpowered buildings, or Contaminate may cause inaccurate times.
  • Supply counts are checked every 10 seconds.